 Dungeon Crawl Stone Soup version 0.30-a0-808-g6e0788376e (webtiles) character file.

Game seed: 257032180138664187

5 cforsyth the Sneak (level 1, 0/13 HPs)
             Began as a Kobold Brigand on Feb 25, 2023.
             Slain by a kobold
             ... wielding a +0 dagger
              (1 damage)
             ... on level 1 of the Dungeon.
             The game lasted 00:00:10 (158 turns).

cforsyth the Sneak (Kobold Brigand)                  Turns: 158, Time: 00:00:11

Health: 0/13       AC:  3    Str:  8    XL:     1   Next: 88%
Magic:  1/1        EV: 14    Int: 12    God:
Gold:   22         SH:  0    Dex: 16    Spells: 0/0 levels left

rFire   . . .      SeeInvis .    a - +2 dagger
rCold   . . .      Faith    .    (no shield)
rNeg    . . .      Spirit   .    b - +0 robe
rPois   .          Reflect  .    (no helmet)
rElec   .          Harm     .    c - +0 cloak
rCorr   .          Rampage  .    (no gloves)
Will    .....                    (no boots)
Stlth   ++++                     (no amulet)
HPRegen 0.22/turn                (no ring)
MPRegen 0.07/turn                (no ring)

@: no status effects
A: small, no large weapons, nightstalker 3
a: no special abilities


You were on level 1 of the Dungeon.
You visited 1 branch of the dungeon, and saw 1 of its levels.

You collected 22 gold pieces.

Inventory:

Hand Weapons
 a - a +2 dagger (weapon)
Missiles
 d - 15 poisoned darts (quivered)
 e - 3 curare-tipped darts
Armour
 b - a +0 robe (worn)
 c - a +0 cloak (worn)
Scrolls
 f - a scroll of fog {unknown}


   Skills:
 + Level 2.3 Fighting
 + Level 2.9 Short Blades
 - Level 2.1 Throwing
 + Level 1.4 Dodging
 + Level 5.4 Stealth


You couldn't memorise any spells.
You didn't know any spells.
Your spell library contained the following spells:

 Spells                   Type           Power      Damage    Failure   Level
 Freeze                   Ice            0%         1d3       32%         1
 Shock                    Conj/Air       0%         1d3       32%         1
 Frozen Ramparts          Ice            0%         1d1       69%         3
 Hailstorm                Conj/Ice       0%         3d3       69%         3
 Swiftness                Air            0%         N/A       69%         3
 Airstrike                Air            0%         2d(0-16)  97%         4


Dungeon Overview and Level Annotations

Branches:
Dungeon (1/15)

Altars:


Innate Abilities, Weirdness & Mutations

You are small and have problems with some larger weapons.
You are completely attuned to the shadows.


Message History

You completely miss the jackal. The jackal barely misses you.
You hit the jackal.
The jackal is moderately wounded.
The jackal barely misses you.
You closely miss the jackal.
The jackal is moderately wounded.
The jackal closely misses you.
You closely miss the jackal.
The jackal is moderately wounded.
The jackal closely misses you.
You hit the jackal.
The jackal is heavily wounded.
The jackal barely misses you. The jackal misses you.
You hit the jackal.
You kill the jackal!
You hit the kobold but do no damage. The kobold closely misses you.
You barely miss the kobold.
The kobold hits you with a +0 short sword.
You hit the kobold.
The kobold is moderately wounded.
The kobold barely misses you.
You hit the kobold.
The kobold is severely wounded.
The kobold hits you with a +0 short sword.
* * * LOW HITPOINT WARNING * * *
You closely miss the kobold.
The kobold is severely wounded.
You hit the kobold.
You kill the kobold!
You hit the kobold but do no damage. The kobold barely misses you.
You hit the kobold but do no damage. The kobold hits you with a +0 dagger.
* * * LOW HITPOINT WARNING * * *
You closely miss the kobold. The kobold completely misses you.
You closely miss the kobold. The kobold hits you but does no damage.
You barely miss the kobold. You completely miss the kobold.
The kobold hits you with a +0 dagger.
* * * LOW HITPOINT WARNING * * *
You completely miss the kobold. The kobold misses you.
You closely miss the kobold. The kobold hits you with a +0 dagger.
You die...

....#
.##.#
..#.# #..
..(# ##..
..#.# ....
..#.#
##..######
..#
..?.$.....
..#
##..#K###
..# #..#@#
#.####
#..#.#
..)..#
#....#
...###
##.#.#
...# #...#
. ...#
###.##..
####
##..... ##
#...... .#
#.####.


You could see a kobold.

Vanquished Creatures
  3 jackals (D:1)
  A kobold (D:1)
  A rat (D:1)
5 creatures vanquished.

Notes
Turn   | Place    | Note
-------+----------+-------------------------------------------
     0 | D:1      | cforsyth the Kobold Brigand began the quest for the Orb.
     0 | D:1      | Reached XP level 1. HP: 12/12 MP: 1/1
   158 | D:1      | Slain by a kobold

Illustrated notes

Levels and vault maps discovered:
D:1:      mrwooster_arrival_statue, layout_loops_ring, bh_walls_and_bars

Action                     || total
---------------------------++-------
  Melee: Dagger            ||    32
 Armour: Robe              ||     3
  Dodge: Dodged            ||    30

Table legend: (Time is in decaauts)
 A = Elapsed time spent in this place.
 B = Non-inter-level travel time spent in this place.
 C = Inter-level travel time spent in this place.
 D = Time resting spent in this place.
 E = Time spent auto-exploring this place.
 F = Levels seen in this place.
 G = Mean time per level.
                   A        B        C        D        E       F      G
               +--------+--------+--------+--------+--------+-----+--------+
         Total |    153 |    153 |      0 |      0 |    115 |   1 |  153.0 |
       Dungeon |    153 |    153 |      0 |      0 |    115 |   1 |  153.0 |
               +--------+--------+--------+--------+--------+-----+--------+

Top non-repeatable levels by time:
     D:1: 153 daAuts
